 Dungeon Crawl Stone Soup version 0.26.0-45-g9c1d065592 (webtiles) character file.

Game seed: 13965957834340434641

19030 kaeus the Thaumaturge (level 12, -9/73 HPs)
             Began as a Gargoyle Earth Elementalist on Jan 29, 2021.
             Was an Elder of Vehumet.
             Killed from afar by a red draconian (31 damage)
             ... with a searing blast
             ... in a volcano on Jan 30, 2021.
             The game lasted 00:36:35 (18416 turns).

kaeus the Thaumaturge (GrEE)                       Turns: 18416, Time: 00:36:35

Health: -9/73      AC: 25    Str: 12 (14) XL:     12   Next: 64%
Magic:  5/24       EV: 14    Int: 22 (23) God:    Vehumet [****..]
Gold:   826        SH:  4    Dex:  9 (10) Spells: 13/27 levels left

rFire    . . .     SeeInvis .   D - +3 mace (spect)
rCold    + . .     Faith    .   H - +0 buckler "Zokkuw" {rC+ Int+4}
rNeg     + . .     Spirit   .   A - +1 acid dragon scales
rPois    ∞         Reflect  .   (no helmet)
rElec    +         Harm     .   C - +2 cloak {rCorr}
rCorr    +         Rampage  .   (no gloves)
Will     .....                  (no boots)
Stlth    +.........             i - amulet of magic regeneration
HPRegen  0.22/turn              j - ring of wizardry
MPRegen  0.44/turn              t - +4 ring of protection

@: brilliant, about to teleport, flying
A: negative energy resistance 1, electricity resistance, unbreathing,
petrification resistance, miasma immunity, AC +8
a: Renounce Religion


You were in a volcano.
You worshipped Vehumet.
Vehumet was greatly pleased with you.
You visited 3 branches of the dungeon, and saw 15 of its levels.
You also visited: Sewer and Volcano.

You collected 1331 gold pieces.
You spent 505 gold pieces at shops.

Inventory:

Hand Weapons
 D - a +3 spectral mace (weapon)
Missiles
 b - 201 stones
 r - 24 poisoned darts
Armour
 o - +0 ice dragon scales
 A - +1 acid dragon scales (worn)
 C - a +2 cloak of preservation (worn)
 H - the +0 buckler "Zokkuw" (worn) {rC+ Int+4}
   (You bought it in a shop on level 9 of the Dungeon)

   It affects your intelligence (+4).
   It protects you from cold.
Jewellery
 i - an amulet of magic regeneration (around neck)
 j - a ring of wizardry (left hand)
 p - an uncursed ring of magical power
 q - an uncursed ring of flight
 t - a +4 ring of protection (right hand)
 F - an uncursed ring of ice
 G - an uncursed ring of wizardry
 I - a +4 ring of protection
 K - an uncursed ring of willpower
Wands
 m - a wand of polymorph (8)
 w - a wand of iceblast (22)
 N - a wand of acid (12)
Scrolls
 c - a scroll of holy word
 f - 2 scrolls of amnesia
 g - 3 scrolls of fog
 k - 4 scrolls of teleportation
 u - 2 scrolls of identify
 v - 2 scrolls of magic mapping
 y - 3 scrolls of remove curse
 z - a scroll of immolation
Potions
 a - 2 potions of attraction
 d - 13 potions of curing
 h - a potion of degeneration
 l - a potion of haste {unknown}
 n - 3 potions of might
 s - 2 potions of brilliance
 x - a potion of invisibility {unknown}
 B - a potion of flight
 E - a potion of berserk rage {unknown}
 M - a potion of ambrosia {unknown}


   Skills:
 + Level 8.1 Fighting
 + Level 6.3 Maces & Flails
 - Level 8.0 Armour
 + Level 6.6 Dodging
 - Level 2.1 Stealth
 - Level 4.0 Shields
 + Level 8.2 Spellcasting
 - Level 8.0 Conjurations
 + Level 5.1 Necromancy
 - Level 0.7 Transmutations
 - Level 8.0 Earth Magic


You had 13 spell levels left.
You knew the following spells:

 Your Spells              Type           Power        Failure   Level
a - Sandblast             Erth           100%         1%          1
b - Stone Arrow           Conj/Erth      100%         1%          3
c - Lee's Rapid Deconstr  Erth           30%          1%          5
d - Passwall              Tmut/Erth      35%          1%          2
e - Conjure Flame         Conj/Fire      39%          1%          3

Your spell library contained the following spells:

 Spells                   Type           Power        Failure   Level
 Iskenderun's Battlesphe  Conj           60%          1%          5
 Petrify                  Tmut/Erth      42%          7%          4


Dungeon Overview and Level Annotations

Branches:
Dungeon (10/15)            Temple (0/1) D:6            Lair (3/6) D:10
  Swamp (0/4) Lair:3       Spider (0/4) Lair:3          Orc (2/2) D:9
  Sewer (visited)         Volcano (1/1)
    Elf: Orc:2

Altars:
Dithmenos
Elyvilon
Hepliaklqana
Kikubaaqudgha
Nemelex Xobeh
Qazlal
Sif Muna
Vehumet
Yredelemnul
The Shining One
Beogh

Shops:
D:4 !   D:9 [

Annotations:
D:7 3 runed translucent doors, kaeus's ghost, novice TrFi


Innate Abilities, Weirdness & Mutations

You are resistant to torment.
Your stone body is resilient. (AC +8)
You are immune to poison.
You resist negative energy. (rN+)
You are resistant to electric shocks. (rElec)
You can survive without breathing.
You are immune to petrification.
You are immune to miasma.


Message History

You see here an arrow.
You take 23 damage, and have 21/73 hp.
MASSIVE DAMAGE!!
It was a potion of flight.
You feel very buoyant.
You fly up into the air.
As you read the scroll of teleportation, it crumbles to dust.
You feel strangely unstable.
The red draconian is engulfed in blazing flames.
The red draconian hits you but does no damage.
The salamander barely misses you.
It was a potion of degeneration.
There was something very wrong with that liquid.
You feel weakened.
You feel dopey.
You feel clumsy.
The red draconian is engulfed in blazing flames.
You block the red draconian's attack.
The salamander hits you but does no damage.
The red draconian is engulfed in blazing flames.
The red draconian breathes fire at you. The searing blast hits you!!
You die...

☼≈≈§§≈§§............§.....§§§≈≈§≈
○§≈§§≈§.#################.≈§§≈≈≈§
§§≈§§§°○# .'..)..'. #.§§≈§≈≈≈
○○≈§≈≈○○# #.8_8.# #.§≈§§§≈≈
○○°°≈≈○.# #.NNN.# #..§§≈≈§≈
☼°≈§§≈≈.# #N###++###..§§≈≈≈≈
○○°○≈§.○# #d#......#.≈≈§≈§§≈
○°○○°≈○.# #.#.######.§≈≈≈§§≈ #@#
#.§≈§§≈≈≈ #.# #..≈≈≈≈≈≈ ≈ #.#
#.§§≈§≈§≈ ≈≈ #(# #..≈≈≈§§≈
≈≈≈≈≈≈§§# ######'########.≈≈≈§≈§§
§≈≈§§§§........§...........≈§≈≈≈≈
≈≈§§§≈§≈§§≈.≈.§≈≈§§≈§.≈.≈§≈§≈§≈≈§
≈≈§≈≈≈≈≈.≈≈≈≈≈≈≈≈§≈≈≈≈≈≈§≈≈§≈§§≈≈
≈§§§§≈≈§≈≈≈≈≈§≈§§§§≈≈≈§≈≈§≈§≈≈≈§≈


You could see a red draconian (catching breath) and 4 salamanders.

Vanquished Creatures
  2 hydras
  A boulder beetle (Lair:2)
  Harold (D:6)
  A catoblepas (Lair:2)
  A two-headed ogre (D:9)
  A salamander mystic (Volcano)
  Pikel (D:6)
  An orc sorcerer (Orc:2)
  A manticore (D:8)
  6 elephants
  3 cane toads
  A black mamba (Lair:1)
  3 rime drakes
  Maggie (D:6)
  2 komodo dragons
  A troll (D:9)
  Grinder (D:6)
  4 blink frogs (Lair:2)
  A wraith (D:6)
  5 yaks (Lair:2)
  A fire bat (Volcano)
  Menkaure (D:7)
  4 water moccasins
  3 black bears
  11 orc warriors
  4 ice beasts
  2 necrophages
  2 phantoms
  2 lemures (D:7)
  11 wolves (Lair:2)
  5 ogres
  4 centaurs
  2 big kobolds
  4 bullfrogs
  A scorpion (D:10)
  4 killer bees (D:9)
  5 electric eels
  A howler monkey (D:5)
  5 lava snakes (Volcano)
  8 hounds
  Crazy Yiuf (D:6)
  6 orc priests
  A jelly (D:7)
  A centaur skeleton (D:4)
  5 worker ants
  4 orc wizards
  A hound skeleton (D:6)
  3 gnolls (D:7)
  19 adders
  3 shadow imps
  2 white imps (D:5)
  3 oozes
  2 adder skeletons
  An adder zombie (D:1)
  2 worms
  2 dart slugs
  7 leopard geckos
  55 orcs
  4 bats
  A bat zombie (D:1)
  10 giant cockroaches
  8 goblins
  5 hobgoblins
  17 jackals
  25 kobolds
  4 quokkas
  6 ball pythons
  6 frilled lizards
  A leopard gecko zombie (D:7)
  A quokka skeleton (D:7)
  5 rats
329 creatures vanquished.

Vanquished Creatures (others)
  An adder skeleton (D:7)
  9 fungi
  33 plants
43 creatures vanquished.

Grand Total: 372 creatures vanquished

Notes
Turn   | Place    | Note
-------+----------+-------------------------------------------
     0 | D:1      | kaeus the Gargoyle Earth Elementalist began the quest for
                  | the Orb.
     0 | D:1      | Reached XP level 1. HP: 10/10 MP: 3/3
   281 | D:1      | Reached XP level 2. HP: 15/15 MP: 1/5
   709 | D:1      | Reached XP level 3. HP: 19/19 MP: 4/6
  1695 | D:2      | Reached XP level 4. HP: 24/24 MP: 6/8
  1844 | D:2      | Found a hazy altar of Hepliaklqana.
  2297 | D:2      | Found a glowing golden altar of the Shining One.
  2386 | D:3      | Reached skill level 5 in Earth Magic
  2765 | D:3      | Reached XP level 5. HP: 28/28 MP: 7/10
  2864 | D:3      | Found an ancient bone altar of Kikubaaqudgha.
  3043 | D:3      | Found a white marble altar of Elyvilon.
  3045 | D:3      | Found a shimmering blue altar of Sif Muna.
  3192 | D:3      | Learned a level 3 spell: Stone Arrow
  3198 | D:3      | Learned a level 5 spell: Lee's Rapid Deconstruction
  3201 | D:3      | Learned a level 2 spell: Passwall
  3409 | D:4      | Found a radiant altar of Vehumet.
  3478 | D:4      | Became a worshipper of Vehumet
  3566 | D:4      | Found a glowing drain.
  3587 | Sewer    | Entered a sewer
  3684 | Sewer    | Reached XP level 6. HP: 13/32 MP: 8/12
  4690 | D:4      | Reached * piety under Vehumet
  4690 | D:4      | Offered knowledge of Freeze by Vehumet.
  4852 | D:4      | Found Unots's Distillery.
  4855 | D:4      | Bought a potion of heal wounds for 60 gold pieces
  4855 | D:4      | Bought a potion of heal wounds for 60 gold pieces
  4855 | D:4      | Bought a potion of curing for 36 gold pieces
  5117 | D:5      | Entered Level 5 of the Dungeon
  5136 | D:5      | Noticed an ice beast
  5223 | D:5      | Killed an ice beast
  5224 | D:5      | Reached skill level 1 in Fighting
  5224 | D:5      | Reached skill level 1 in Armour
  5224 | D:5      | Reached skill level 1 in Conjurations
  5224 | D:5      | Reached XP level 7. HP: 38/38 MP: 0/14
  5688 | D:5      | Reached skill level 5 in Spellcasting
  6364 | D:5      | Offered knowledge of Searing Ray by Vehumet.
  6609 | D:6      | Reached ** piety under Vehumet
  6750 | D:6      | Reached XP level 8. HP: 40/45 MP: 5/15
  6793 | D:6      | Noticed Grinder
  6884 | D:6      | Found a shadowy altar of Dithmenos.
  7038 | D:6      | Found a staircase to the Ecumenical Temple.
  7169 | D:6      | Noticed Maggie
  7210 | D:6      | Killed Maggie
  7760 | D:6      | Killed Grinder
  7761 | D:6      | Reached XP level 9. HP: 46/52 MP: 3/17
  7855 | D:6      | Found a sparkling altar of Nemelex Xobeh.
  7905 | D:6      | Found a runed translucent door.
  7906 | D:6      | Noticed Crazy Yiuf
  8061 | D:6      | Killed Crazy Yiuf
  8206 | D:7      | Noticed Harold
  8228 | D:6      | Killed Harold
  8229 | D:6      | Reached skill level 1 in Maces & Flails
  8229 | D:6      | Reached skill level 1 in Necromancy
  8334 | D:7      | Noticed Menkaure
  8336 | D:7      | Killed Menkaure
  8625 | D:7      | Offered knowledge of Conjure Flame by Vehumet.
  8630 | D:7      | Learned a level 3 spell: Conjure Flame
  8777 | D:7      | Reached skill level 5 in Conjurations
  8921 | D:7      | Noticed Pikel
  8938 | D:6      | Killed Pikel
  8939 | D:6      | Reached skill level 5 in Fighting
  8939 | D:6      | Reached skill level 5 in Armour
  8939 | D:6      | Reached XP level 10. HP: 49/59 MP: 2/19
  9122 | D:7      | Reached *** piety under Vehumet
  9221 | D:7      | Found a stormy altar of Qazlal.
  9412 | D:7      | Found a runed translucent gate.
  9413 | D:7      | Found a runed translucent gate.
  9413 | D:7      | Identified the +10 mace "Wookus" {freeze, rN+++ Str-4 SInv
                  | Stlth+}
  9413 | D:7      | Identified the cursed +0 plate armour of Wagot {Rampage
                  | Slay+2}
  9414 | D:7      | Found a runed translucent gate.
  9414 | D:7      | Noticed kaeus's ghost (novice TrFi)
  9420 | D:7      | Found a roughly hewn altar of Beogh.
 10107 | D:8      | Noticed a manticore
 10115 | D:8      | Killed a manticore
 10371 | D:8      | Found a basalt altar of Yredelemnul.
 11341 | D:9      | Offered knowledge of Static Discharge by Vehumet.
 11496 | D:9      | Reached skill level 5 in Dodging
 11878 | D:9      | Found Votodif's Armour Boutique.
 11880 | D:9      | Found a staircase to the Orcish Mines.
 11889 | D:9      | Bought the +0 buckler "Zokkuw" {rC+ Int+4} for 349 gold
                  | pieces
 12063 | D:10     | Entered Level 10 of the Dungeon
 12064 | D:10     | Noticed a two-headed ogre
 12094 | Orc:1    | Entered Level 1 of the Orcish Mines
 12368 | Orc:2    | Entered Level 2 of the Orcish Mines
 12376 | Orc:2    | Noticed an orc sorcerer
 12384 | Orc:2    | Killed an orc sorcerer
 12825 | Orc:1    | Reached skill level 1 in Shields
 13437 | Orc:1    | Reached XP level 11. HP: 51/64 MP: 3/21
 14151 | D:9      | Killed a two-headed ogre
 14584 | D:10     | Found a staircase to the Lair.
 14592 | Lair:1   | Entered Level 1 of the Lair of Beasts
 14657 | Lair:1   | Noticed a four-headed hydra
 14666 | Lair:1   | Killed a four-headed hydra
 15785 | Lair:2   | Noticed a catoblepas
 15896 | Lair:2   | Reached skill level 5 in Maces & Flails
 15913 | Lair:2   | Reached **** piety under Vehumet
 15954 | Lair:2   | Offered knowledge of Iskenderun's Battlesphere by Vehumet.
 16192 | Lair:1   | Reached XP level 12. HP: 69/72 MP: 17/23
 16537 | Lair:2   | Killed a catoblepas
 16820 | Lair:2   | Noticed a boulder beetle
 16862 | Lair:2   | Killed a boulder beetle
 17415 | Lair:2   | Noticed a seven-headed hydra
 17559 | Lair:2   | Killed a seven-headed hydra
 17560 | Lair:2   | Reached skill level 5 in Necromancy
 17818 | Lair:3   | Found a dark tunnel.
 17826 | Volcano  | Entered a volcano
 18403 | Volcano  | Found a bloodstained altar of Trog.
 18406 | Volcano  | Noticed a red draconian
 18416 | Volcano  | Killed from afar by a red draconian

Illustrated notes

Levels and vault maps discovered:
D:1:      saegor_arrival_fortress, layout_loops_ring, minmay_hedge_maze
D:2:      layout_loops_corners, nzn_hepliaklqana_mist_gate, tso_oasis_becter
D:3:      layout_loops_ring, grunt_temple_overflow_open
D:4:      kb_forest_paths, layout_basic, vehumet_crystals,
          gup_sewer_entry_glass, serial_shops, kennysheep_mini_moat,
          palyth_stone_intersect
D:5:      cheibrodos_thug_alley, layout_loops_corners, minmay_misc_feat_columns,
          grunt_ministairs_6
D:6:      layout_layer_cave, nicolae_dithmenos_shadow_blocks,
          minmay_temple_entry_junction, serial_park_tiny_1,
          nemelex_dance_club_becter, uniq_maggie, uniq_grinder,
          uniq_crazy_yiuf_cottage
D:7:      layout_loops_cross, old_standard_altar, biasface_ghost_orc_armoury,
          lemuel_flame_loot_1, uniq_menkaure, uniq_harold, uniq_pikel
D:8:      layout_basic, old_standard_altar, nrook_mini_backslash
D:9:      wad_lake_hut, layout_loops_ring, orc_david_3
D:10:     layout_basic, grunt_lair_entry_orc_guard_hut, serial_shops,
          kennysheep_mini, nicolae_shop_trees, nicolae_shop_trees,
          eino_house_with_fridge
Lair:1:   layout_cave_pods, infiniplex_staircase_pool_2, serial_bayou_shore_b
Lair:2:   beast_lair_carwin_large_4, layout_chaotic_city,
          chequers_serial_rivers_small_b, minivault_26
Lair:3:   nzn_winding_woodlands_cross [nzn_winding_woodlands_5x15_jagged,
          nzn_winding_woodlands_5x15_sawtooth,
          nzn_winding_woodlands_5x15_pathside_ponds,
          nzn_winding_woodlands_5x15_concentric,
          nzn_winding_woodlands_15x15_killbox], layout_chaotic_city,
          minmay_swamp_entry_worms, spider_nest_entry_web_field, enter_volcano_1
Orc:1:    layout_caves
Orc:2:    st_orc_congregation, layout_caves
Volcano:  volcano_lake [vl_original]

Skill      XL: |  1  2  3  4  5  6  7  8  9 10 11 12 |
---------------+-------------------------------------+-----
Earth Magic    | 4 5 6 7 8 |  8.0
Spellcasting   | 3 4 5 6 7 8 |  8.2
Fighting       | 1 2 3 5 6 7 8 |  8.1
Armour         | 1 2 3 5 6 7 8 |  8.0
Conjurations   | 1 2 3 5 6 7 8 |  8.0
Dodging        | 2 3 4 5 6 |  6.6
Maces & Flails | 2 4 5 6 |  6.3
Necromancy     | 2 3 4 5 |  5.1
Shields        | 1 3 4 |  4.0
Stealth        | |  2.1
Transmutations | |  0.7

Action                   |  1- 3 |  4- 6 |  7- 9 | 10-12 || total
-------------------------+-------+-------+-------+-------++-------
Melee: Unarmed           |    22 |       |       |       ||    22
       Club              |    22 |    25 |       |       ||    47
       Dagger            |       |   162 |    58 |       ||   220
       Mace              |       |       |    28 |   187 ||   215
 Cast: Sandblast         |    42 |    78 |    16 |    46 ||   182
       Stone Arrow       |       |     9 |    58 |   191 ||   258
       Lee's Rapid Decon |       |     2 |    43 |    73 ||   118
       Passwall          |       |     1 |     2 |       ||     3
       Conjure Flame     |       |       |     1 |     1 ||     2
  Use: Scroll            |       |     5 |     9 |    12 ||    26
       Potion            |       |       |     2 |     9 ||    11
 Stab: Sleeping          |       |     1 |       |       ||     1
Armor: Robe              |    22 |    88 |    50 |    21 ||   181
       Acid dragon scale |       |       |       |   227 ||   227
Dodge: Dodged            |    34 |   139 |    76 |   269 ||   518
Block: Buckler           |       |       |       |    68 ||    68
